Connexion

Bears vs Wild

Created - 3 octobre 2023 at 07:52

Goals
1 2 3 T
Bears 0 1 1 2
Wild 3 0 1 4
Shots
1 2 3 T
Bears 6 7 6 19
Wild 12 10 9 31

GoalsPenalties
1st period
1. Wild , Lukas Jasek 6 (Ben Gleason 19) at 8:11
2. Wild , Jalen Chatfield 6 (Lukas Jasek 10, Michael Mersch 10) at 10:20
3. Wild , Anders Bjork 6 (Jalen Chatfield 21, Anthony Louis 12) at 17:31
Jordie Benn (HER) for Hooking (Minor) at 0:17
Jeremy Gregoire (IOW) for Fighting (Major) at 11:50
Andreas Borgman (HER) for Fighting (Major) at 11:50
Jeremy Gregoire (IOW) for instigated a fight (Game Misconduct) at 11:50
Ben Gleason (IOW) for Fighting (Major) at 11:50
Brennan Menell (HER) for Fighting (Major) at 11:50
Joseph Gambardella (IOW) for Fighting (Major) at 11:50
Maxim Letunov (HER) for Fighting (Major) at 11:50
Maxim Letunov (HER) for instigated a fight (Game Misconduct) at 11:50
Taylor Raddysh (IOW) for Slashing (Minor) at 11:50
Dillon Simpson (IOW) for Roughing (Minor) at 11:50
Cole Koepke (HER) for Roughing (Minor) at 11:50
Justin Dowling (HER) for Slashing (Minor) at 11:50
Joseph Gambardella (IOW) for Hooking (Minor) at 18:44
2nd period
4. Bears , Brennan Menell 1 (Justin Dowling 16, Tyrell Goulbourne 3) at 19:49
No Penalty
3rd period
5. Wild , Anders Bjork 7 (Dillon Simpson 8, Anthony Louis 13) at 0:32
6. Bears , Arttu Ruotsalainen 10 (Buddy Robinson 8, Lean Bergmann 11) at 17:28
Beck Malenstyn (HER) for Diving (Minor) at 1:41
Goalie Stats
Spencer Martin (HER), 27 saves from 31 shots - (0,871), L, 4-5-1, 60:00 minutes
Maxime Lagace (IOW), 17 saves from 19 shots - (0,895), W, 13-3-0, 60:00 minutes
3 StarsOfficial
1 - Anders Bjork (IOW)
2 - Jalen Chatfield (IOW)
3 - Anthony Louis (IOW)
Referees : Brad Meier and Eric Furlatt
Linesman : Brian Mach and Brad Lazarowich
Game Note
Joona Luoto is injured at 6:36 of 1st period (Strained Right Elbow)
General Fight at 11:50 of 1st period
Andreas Borgman beats up Jeremy Gregoire at 11:50 of 1st period
Jeremy Gregoire (IOW) for instigated a fight (Game Misconduct) at 11:50
Jeremy Gregoire ejected from game at 11:50 of 1st period
Brennan Menell beats up Ben Gleason at 11:50 of 1st period
Joseph Gambardella beats up Maxim Letunov at 11:50 of 1st period
Maxim Letunov (HER) for instigated a fight (Game Misconduct) at 11:50
Maxim Letunov ejected from game at 11:50 of 1st period
Finance
Level 1 -- Attendance: 1476 (73,80%) -- Ticket Income 59 040 $
Level 2 -- Attendance: 771 (77,10%) -- Ticket Income 15 420 $
Total Attendance: 2247 (74,90%)
Total Ticket Income: 74 460 $
Other Income: 14 892 $
Total Income: 89 352 $



Team Name Goals Shots Shots Attemp Shots Blocked PIM HIT PP PK FO%
Bears 21932835270 / 2 (0%)046%
Wild 43171233140 / 3 (0%)054%

Bears
Player Name POS G A P +/- PIM HIT SHT SB MP PP MP PP SHT PK MP PK SHT FO% FOT
Andreas BorgmanD0000500114:340:0000:0000% 0
Arttu RuotsalainenC1010002017:290:5400:00037% 19
Austin WatsonC/LW/RW000-1053013:530:0000:00050% 2
Beck MalenstynLW000-2240020:291:0500:000100% 1
Brennan MenellD1010502015:090:0000:3500% 0
Buddy RobinsonRW0110023020:030:5400:00075% 4
Chad KrysD0000011121:230:2102:2600% 0
Christoffer EhnC/LW000000006:520:0000:00060% 5
Cole KoepkeLW000-1223122:211:0512:5500% 1
Gustav OlofssonD000-2010223:361:3802:2000% 0
Jay BeagleC/RW000-1000011:060:0000:00050% 14
Joona LuotoLW/RW000000002:070:0000:350100% 1
Jordie BennD000-2260022:411:3800:5700% 0
Justin DowlingC/LW/RW011-1214124:281:0502:40047% 19
Kyle BurroughsD0000020121:160:2101:3800% 0
Lean BergmannLW/RW0110021019:430:5401:0300% 0
Maxim LetunovC0000170002:420:0000:0000% 0
Tyrell GoulbourneLW0110010114:040:0000:4300% 3
Wild
Player Name POS G A P +/- PIM HIT SHT SB MP PP MP PP SHT PK MP PK SHT FO% FOT
Anders BjorkLW/RW2022012020:081:5901:320100% 1
Anthony LouisC/LW0222001018:431:5900:27052% 21
Antti SuomelaC0000014015:570:5210:0000% 1
Ben GleasonD0111500020:181:5900:5900% 0
Ben ThomasD0002001121:571:5301:0000% 0
Danick MartelC/LW000000003:570:0000:00033% 3
Dillon SimpsonD0111222022:241:5900:5900% 0
Eemeli RasanenD000-1001016:550:0600:0000% 0
Jalen ChatfieldD1122013021:471:5311:0000% 0
Jeremy GregoireC/LW/RW0000170004:551:0700:0000% 0
Joseph GambardellaC/LW0000710017:531:5300:00062% 21
Kasper BjorkqvistLW/RW0000014015:300:0600:000100% 1
Lukas JasekC/RW1120001014:350:0000:00053% 17
Michael MerschLW/RW0110014016:380:0600:2700% 1
Ryan KuffnerLW000002303:570:0000:0000% 0
Scott WalfordD000-1000016:280:0600:0000% 0
Tanner PearsonLW0002033124:041:5901:32033% 3
Taylor RaddyshRW0000212019:501:5310:0000% 0



Play-by-Play

1st period


0:01 of 1st period - Joona Luoto wins face-off versus Anthony Louis in neutral zone.
0:17 of 1st period - Minor Penalty to Jordie Benn for Hooking.
0:18 of 1st period - Joseph Gambardella wins face-off versus Justin Dowling in Bears zone.
0:39 of 1st period - Shot by Joseph Gambardella.
0:39 of 1st period - Shot Misses the Net.
0:47 of 1st period - Shot by Jalen Chatfield.
0:47 of 1st period - Stopped by Spencer Martin with a rebound.
1:48 of 1st period - Anthony Louis is hit by Chad Krys and loses puck.
3:04 of 1st period - Scott Walford is hit by Austin Watson and loses puck.
3:16 of 1st period - Kasper Bjorkqvist is hit by Buddy Robinson and loses puck.
3:49 of 1st period - Buddy Robinson is hit by Tanner Pearson and loses puck.
5:38 of 1st period - Chad Krys is hit by Kasper Bjorkqvist and loses puck.
6:01 of 1st period - Shot by Kasper Bjorkqvist.
6:01 of 1st period - Shot Hit the Post.
6:30 of 1st period - Shot by Ryan Kuffner.
6:30 of 1st period - Stopped by Spencer Martin with a rebound.
6:35 of 1st period - Joona Luoto is hit by Dillon Simpson and loses puck.
6:36 of 1st period - Joona Luoto from Bears is injured at 6:36 of 1st period (Strained Right Elbow).
6:37 of 1st period - Joseph Gambardella wins face-off versus Arttu Ruotsalainen in Wild zone.
7:38 of 1st period - Shot by Justin Dowling.
7:38 of 1st period - Stopped by Maxime Lagace with a rebound.
8:07 of 1st period - Shot by Anthony Louis.
8:07 of 1st period - Stopped by Spencer Martin without a rebound.
8:08 of 1st period - Lukas Jasek wins face-off versus Jay Beagle in Bears zone.
8:11 of 1st period - Shot by Lukas Jasek.
8:11 of 1st period - Goal by Lukas Jasek - Bears : 0 - Wild : 1.
8:12 of 1st period - Jay Beagle wins face-off versus Lukas Jasek in neutral zone.
8:17 of 1st period - Shot by Austin Watson.
8:17 of 1st period - Stopped by Maxime Lagace without a rebound.
8:18 of 1st period - Lukas Jasek wins face-off versus Arttu Ruotsalainen in Wild zone.
8:18 of 1st period - Lukas Jasek is hit by Lean Bergmann.
8:38 of 1st period - Shot by Dillon Simpson.
8:38 of 1st period - Shot Misses the Net.
8:40 of 1st period - Shot by Dillon Simpson.
8:40 of 1st period - Stopped by Spencer Martin without a rebound.
8:41 of 1st period - Anthony Louis wins face-off versus Justin Dowling in Bears zone.
8:48 of 1st period - Shot by Tanner Pearson.
8:48 of 1st period - Shot Misses the Net.
8:50 of 1st period - Shot by Anthony Louis.
8:50 of 1st period - Shot Blocked by Cole Koepke.
8:52 of 1st period - Shot by Scott Walford.
8:52 of 1st period - Shot Blocked by Andreas Borgman.
8:58 of 1st period - Shot by Tanner Pearson.
8:58 of 1st period - Shot Misses the Net.
9:08 of 1st period - Shot by Cole Koepke.
9:08 of 1st period - Shot Misses the Net.
9:55 of 1st period - Icing by Buddy Robinson.
9:56 of 1st period - Arttu Ruotsalainen wins face-off versus Lukas Jasek in Bears zone.
10:06 of 1st period - Shot by Lukas Jasek.
10:06 of 1st period - Shot Misses the Net.
10:08 of 1st period - Shot by Michael Mersch.
10:08 of 1st period - Stopped by Spencer Martin with a rebound.
10:10 of 1st period - Shot by Kasper Bjorkqvist.
10:10 of 1st period - Shot Misses the Net.
10:20 of 1st period - Shot by Jalen Chatfield.
10:20 of 1st period - Goal by Jalen Chatfield - Bears : 0 - Wild : 2.
10:21 of 1st period - Jay Beagle wins face-off versus Joseph Gambardella in neutral zone.
10:21 of 1st period - Gustav Olofsson is hit by Taylor Raddysh and loses puck.
11:30 of 1st period - Jeremy Gregoire is hit by Justin Dowling and loses puck.
11:40 of 1st period - Justin Dowling is hit by Dillon Simpson and loses puck.
11:50 of 1st period - Andreas Borgman beats up Jeremy Gregoire.
11:50 of 1st period - Penalty to Jeremy Gregoire for Fighting.
11:50 of 1st period - Penalty to Andreas Borgman for Fighting.
11:50 of 1st period - Penalty to Jeremy Gregoire for instigated a fight.
11:50 of 1st period - Jeremy Gregoire is ejected from game.
11:50 of 1st period - Brennan Menell beats up Ben Gleason.
11:50 of 1st period - Penalty to Ben Gleason for Fighting.
11:50 of 1st period - Penalty to Brennan Menell for Fighting.
11:50 of 1st period - Joseph Gambardella beats up Maxim Letunov.
11:50 of 1st period - Penalty to Joseph Gambardella for Fighting.
11:50 of 1st period - Penalty to Maxim Letunov for Fighting.
11:50 of 1st period - Penalty to Maxim Letunov for instigated a fight.
11:50 of 1st period - Maxim Letunov is ejected from game.
11:50 of 1st period - Minor Penalty to Taylor Raddysh for Slashing.
11:50 of 1st period - Minor Penalty to Dillon Simpson for Roughing.
11:50 of 1st period - Minor Penalty to Cole Koepke for Roughing.
11:50 of 1st period - Minor Penalty to Justin Dowling for Slashing.
11:51 of 1st period - Anders Bjork wins face-off versus Tyrell Goulbourne in neutral zone.
12:08 of 1st period - Shot by Ben Thomas.
12:08 of 1st period - Shot Misses the Net.
12:28 of 1st period - Shot by Tanner Pearson.
12:28 of 1st period - Shot Misses the Net.
12:41 of 1st period - Off-side.
12:42 of 1st period - Tanner Pearson wins face-off versus Austin Watson in neutral zone.
13:01 of 1st period - Shot by Tanner Pearson.
13:01 of 1st period - Deflect By Antti Suomela.
13:01 of 1st period - Shot Misses the Net.
13:03 of 1st period - Shot by Tanner Pearson.
13:03 of 1st period - Stopped by Spencer Martin without a rebound.
13:04 of 1st period - Austin Watson wins face-off versus Anthony Louis in Bears zone.
13:32 of 1st period - Shot by Austin Watson.
13:32 of 1st period - Stopped by Maxime Lagace with a rebound.
13:52 of 1st period - Ben Thomas is hit by Cole Koepke and loses puck.
14:05 of 1st period - Shot by Kasper Bjorkqvist.
14:05 of 1st period - Shot Misses the Net.
14:51 of 1st period - Shot by Lean Bergmann.
14:51 of 1st period - Stopped by Maxime Lagace without a rebound.
14:52 of 1st period - Kasper Bjorkqvist wins face-off versus Jay Beagle in Wild zone.
15:13 of 1st period - Taylor Raddysh is hit by Austin Watson and loses puck.
16:24 of 1st period - Icing by Beck Malenstyn.
16:25 of 1st period - Danick Martel wins face-off versus Tyrell Goulbourne in Bears zone.
16:32 of 1st period - Shot by Tanner Pearson.
16:32 of 1st period - Shot Blocked by Tyrell Goulbourne.
16:34 of 1st period - Shot by Ryan Kuffner.
16:34 of 1st period - Stopped by Spencer Martin with a rebound.
16:40 of 1st period - Shot by Ryan Kuffner.
16:40 of 1st period - Stopped by Spencer Martin with a rebound.
16:42 of 1st period - Shot by Eemeli Rasanen.
16:42 of 1st period - Stopped by Spencer Martin without a rebound.
16:43 of 1st period - Arttu Ruotsalainen wins face-off versus Antti Suomela in Bears zone.
17:31 of 1st period - Shot by Anders Bjork.
17:31 of 1st period - Goal by Anders Bjork - Bears : 0 - Wild : 3.
17:32 of 1st period - Justin Dowling wins face-off versus Anthony Louis in neutral zone.
17:51 of 1st period - Shot by Cole Koepke.
17:51 of 1st period - Stopped by Maxime Lagace without a rebound.
17:52 of 1st period - Christoffer Ehn wins face-off versus Michael Mersch in Wild zone.
18:39 of 1st period - Off-side.
18:40 of 1st period - Jay Beagle wins face-off versus Joseph Gambardella in neutral zone.
18:44 of 1st period - Minor Penalty to Joseph Gambardella for Hooking.
18:45 of 1st period - Arttu Ruotsalainen wins face-off versus Tanner Pearson in Wild zone.
18:48 of 1st period - Shot by Lean Bergmann.
18:48 of 1st period - Deflect By Buddy Robinson.
18:48 of 1st period - Shot Misses the Net.
19:54 of 1st period - Shot by Chad Krys.
19:54 of 1st period - Deflect By Cole Koepke.
19:54 of 1st period - Stopped by Maxime Lagace with a rebound.
Goals for this period are 0 for Bears vs 3 for Wild.
Shots for this period are 6 for Bears vs 12 for Wild.

2nd period


0:01 of 2nd period - Beck Malenstyn wins face-off versus Tanner Pearson in neutral zone.
0:50 of 2nd period - Icing by Joseph Gambardella.
0:51 of 2nd period - Arttu Ruotsalainen wins face-off versus Joseph Gambardella in Wild zone.
1:23 of 2nd period - Shot by Buddy Robinson.
1:23 of 2nd period - Stopped by Maxime Lagace without a rebound.
1:24 of 2nd period - Jay Beagle wins face-off versus Anthony Louis in Wild zone.
1:28 of 2nd period - Icing by Ben Thomas.
1:29 of 2nd period - Anthony Louis wins face-off versus Cole Koepke in Wild zone.
1:29 of 2nd period - Anthony Louis is hit by Beck Malenstyn.
1:34 of 2nd period - Tanner Pearson is hit by Beck Malenstyn and loses puck.
1:58 of 2nd period - Shot by Tanner Pearson.
1:58 of 2nd period - Stopped by Spencer Martin with a rebound.
2:00 of 2nd period - Shot by Jalen Chatfield.
2:00 of 2nd period - Stopped by Spencer Martin without a rebound.
2:01 of 2nd period - Lukas Jasek wins face-off versus Arttu Ruotsalainen in Bears zone.
2:17 of 2nd period - Kasper Bjorkqvist is hit by Kyle Burroughs and loses puck.
2:23 of 2nd period - Icing by Kyle Burroughs.
2:24 of 2nd period - Joseph Gambardella wins face-off versus Arttu Ruotsalainen in Bears zone.
2:40 of 2nd period - Joseph Gambardella is hit by Kyle Burroughs and loses puck.
2:52 of 2nd period - Shot by Antti Suomela.
2:52 of 2nd period - Stopped by Spencer Martin without a rebound.
2:53 of 2nd period - Anthony Louis wins face-off versus Justin Dowling in Bears zone.
3:42 of 2nd period - Icing by Dillon Simpson.
3:43 of 2nd period - Anthony Louis wins face-off versus Arttu Ruotsalainen in Wild zone.
3:47 of 2nd period - Off-side.
3:48 of 2nd period - Arttu Ruotsalainen wins face-off versus Lukas Jasek in neutral zone.
3:51 of 2nd period - Shot by Kyle Burroughs.
3:51 of 2nd period - Shot Misses the Net.
3:53 of 2nd period - Shot by Lean Bergmann.
3:53 of 2nd period - Deflect By Arttu Ruotsalainen.
3:53 of 2nd period - Stopped by Maxime Lagace without a rebound.
3:54 of 2nd period - Lukas Jasek wins face-off versus Arttu Ruotsalainen in Wild zone.
4:01 of 2nd period - Shot by Kasper Bjorkqvist.
4:01 of 2nd period - Stopped by Spencer Martin with a rebound.
4:03 of 2nd period - Shot by Ben Thomas.
4:03 of 2nd period - Stopped by Spencer Martin without a rebound.
4:04 of 2nd period - Joseph Gambardella wins face-off versus Justin Dowling in Bears zone.
4:05 of 2nd period - Shot by Antti Suomela.
4:05 of 2nd period - Shot Blocked by Gustav Olofsson.
4:17 of 2nd period - Jalen Chatfield is hit by Beck Malenstyn and loses puck.
4:32 of 2nd period - Shot by Justin Dowling.
4:32 of 2nd period - Shot Misses the Net.
4:38 of 2nd period - Shot by Cole Koepke.
4:38 of 2nd period - Shot Blocked by Ben Thomas.
4:49 of 2nd period - Icing by Taylor Raddysh.
4:50 of 2nd period - Joseph Gambardella wins face-off versus Arttu Ruotsalainen in Wild zone.
4:50 of 2nd period - Joseph Gambardella is hit by Lean Bergmann.
5:07 of 2nd period - Icing by Kyle Burroughs.
5:08 of 2nd period - Anthony Louis wins face-off versus Arttu Ruotsalainen in Bears zone.
5:50 of 2nd period - Shot by Jordie Benn.
5:50 of 2nd period - Shot Misses the Net.
7:31 of 2nd period - Shot by Antti Suomela.
7:31 of 2nd period - Stopped by Spencer Martin with a rebound.
7:50 of 2nd period - Antti Suomela is hit by Jordie Benn and loses puck.
8:13 of 2nd period - Shot by Cole Koepke.
8:13 of 2nd period - Stopped by Maxime Lagace without a rebound.
8:14 of 2nd period - Christoffer Ehn wins face-off versus Anthony Louis in Wild zone.
9:28 of 2nd period - Shot by Jay Beagle.
9:28 of 2nd period - Shot Misses the Net.
9:38 of 2nd period - Shot by Michael Mersch.
9:38 of 2nd period - Shot Misses the Net.
10:23 of 2nd period - Danick Martel is hit by Jordie Benn and loses puck.
10:46 of 2nd period - Shot by Antti Suomela.
10:46 of 2nd period - Shot Misses the Net.
11:22 of 2nd period - Shot by Kasper Bjorkqvist.
11:22 of 2nd period - Stopped by Spencer Martin without a rebound.
11:23 of 2nd period - Anthony Louis wins face-off versus Jay Beagle in Bears zone.
11:30 of 2nd period - Shot by Chad Krys.
11:30 of 2nd period - Shot Misses the Net.
11:38 of 2nd period - Shot by Austin Watson.
11:38 of 2nd period - Stopped by Maxime Lagace without a rebound.
11:39 of 2nd period - Justin Dowling wins face-off versus Lukas Jasek in Wild zone.
11:50 of 2nd period - Shot by Brennan Menell.
11:50 of 2nd period - Stopped by Maxime Lagace without a rebound.
11:51 of 2nd period - Joseph Gambardella wins face-off versus Jay Beagle in Wild zone.
11:51 of 2nd period - Joseph Gambardella is hit by Austin Watson.
12:12 of 2nd period - Ben Gleason is hit by Austin Watson and loses puck.
12:37 of 2nd period - Shot by Michael Mersch.
12:37 of 2nd period - Stopped by Spencer Martin without a rebound.
12:38 of 2nd period - Justin Dowling wins face-off versus Anthony Louis in Bears zone.
12:43 of 2nd period - Anthony Louis is hit by Cole Koepke.
13:00 of 2nd period - Shot by Justin Dowling.
13:00 of 2nd period - Stopped by Maxime Lagace without a rebound.
13:01 of 2nd period - Arttu Ruotsalainen wins face-off versus Lukas Jasek in Wild zone.
13:16 of 2nd period - Shot by Kasper Bjorkqvist.
13:16 of 2nd period - Stopped by Spencer Martin without a rebound.
13:17 of 2nd period - Justin Dowling wins face-off versus Anthony Louis in Bears zone.
14:21 of 2nd period - Shot by Michael Mersch.
14:21 of 2nd period - Stopped by Spencer Martin without a rebound.
14:22 of 2nd period - Buddy Robinson wins face-off versus Joseph Gambardella in Bears zone.
14:38 of 2nd period - Antti Suomela is hit by Jordie Benn and loses puck.
14:42 of 2nd period - Antti Suomela is hit by Jordie Benn and loses puck.
15:32 of 2nd period - Shot by Michael Mersch.
15:32 of 2nd period - Shot Misses the Net.
16:01 of 2nd period - Off-side.
16:02 of 2nd period - Anthony Louis wins face-off versus Jay Beagle in neutral zone.
16:02 of 2nd period - Ben Thomas is hit by Austin Watson.
16:40 of 2nd period - Brennan Menell is hit by Tanner Pearson and loses puck.
18:08 of 2nd period - Shot by Ben Gleason.
18:08 of 2nd period - Shot Blocked by Gustav Olofsson.
18:25 of 2nd period - Off-side.
18:26 of 2nd period - Justin Dowling wins face-off versus Danick Martel in neutral zone.
18:26 of 2nd period - Chad Krys is hit by Ryan Kuffner and loses puck.
18:35 of 2nd period - Shot by Ryan Kuffner.
18:35 of 2nd period - Shot Misses the Net.
19:27 of 2nd period - Austin Watson is hit by Ryan Kuffner and loses puck.
19:41 of 2nd period - Off-side.
19:42 of 2nd period - Justin Dowling wins face-off versus Lukas Jasek in neutral zone.
19:47 of 2nd period - Shot by Justin Dowling.
19:47 of 2nd period - Shot Misses the Net.
19:49 of 2nd period - Shot by Brennan Menell.
19:49 of 2nd period - Goal by Brennan Menell - Bears : 1 - Wild : 3.
19:50 of 2nd period - Joseph Gambardella wins face-off versus Jay Beagle in neutral zone.
Goals for this period are 1 for Bears vs 0 for Wild.
Shots for this period are 7 for Bears vs 10 for Wild.

3rd period


0:01 of 3rd period - Anthony Louis wins face-off versus Justin Dowling in neutral zone.
0:05 of 3rd period - Dillon Simpson is hit by Jordie Benn and loses puck.
0:17 of 3rd period - Anthony Louis is hit by Gustav Olofsson and loses puck.
0:30 of 3rd period - Shot by Anthony Louis.
0:30 of 3rd period - Shot Misses the Net.
0:32 of 3rd period - Shot by Dillon Simpson.
0:32 of 3rd period - Deflect By Anders Bjork.
0:32 of 3rd period - Goal by Anders Bjork - Bears : 1 - Wild : 4.
0:33 of 3rd period - Buddy Robinson wins face-off versus Joseph Gambardella in neutral zone.
0:47 of 3rd period - Icing by Kyle Burroughs.
0:48 of 3rd period - Lukas Jasek wins face-off versus Arttu Ruotsalainen in Bears zone.
0:59 of 3rd period - Shot by Chad Krys.
0:59 of 3rd period - Stopped by Maxime Lagace without a rebound.
1:00 of 3rd period - Anthony Louis wins face-off versus Justin Dowling in Wild zone.
1:11 of 3rd period - Shot by Anders Bjork.
1:11 of 3rd period - Shot Misses the Net.
1:15 of 3rd period - Shot by Tanner Pearson.
1:15 of 3rd period - Stopped by Spencer Martin without a rebound.
1:16 of 3rd period - Buddy Robinson wins face-off versus Joseph Gambardella in Bears zone.
1:28 of 3rd period - Shot by Buddy Robinson.
1:28 of 3rd period - Stopped by Maxime Lagace without a rebound.
1:29 of 3rd period - Anthony Louis wins face-off versus Justin Dowling in Wild zone.
1:29 of 3rd period - Anthony Louis is hit by Beck Malenstyn.
1:34 of 3rd period - Icing by Dillon Simpson.
1:35 of 3rd period - Anthony Louis wins face-off versus Justin Dowling in Wild zone.
1:41 of 3rd period - Minor Penalty to Beck Malenstyn for Diving.
1:42 of 3rd period - Justin Dowling wins face-off versus Anthony Louis in Bears zone.
2:07 of 3rd period - Shot by Anders Bjork.
2:07 of 3rd period - Deflect By Tanner Pearson.
2:07 of 3rd period - Shot Blocked by Chad Krys.
2:09 of 3rd period - Shot by Ben Gleason.
2:09 of 3rd period - Shot Misses the Net.
2:55 of 3rd period - Off-side.
2:56 of 3rd period - Joseph Gambardella wins face-off versus Justin Dowling in neutral zone.
2:59 of 3rd period - Shot by Antti Suomela.
2:59 of 3rd period - Deflect By Taylor Raddysh.
2:59 of 3rd period - Stopped by Spencer Martin without a rebound.
3:00 of 3rd period - Joseph Gambardella wins face-off versus Justin Dowling in Bears zone.
3:24 of 3rd period - Icing by Antti Suomela.
3:25 of 3rd period - Joseph Gambardella wins face-off versus Tyrell Goulbourne in Wild zone.
3:34 of 3rd period - Shot by Jalen Chatfield.
3:34 of 3rd period - Shot Misses the Net.
3:36 of 3rd period - Shot by Antti Suomela.
3:36 of 3rd period - Stopped by Spencer Martin without a rebound.
3:37 of 3rd period - Justin Dowling wins face-off versus Anthony Louis in Bears zone.
3:52 of 3rd period - Shot by Michael Mersch.
3:52 of 3rd period - Stopped by Spencer Martin without a rebound.
3:53 of 3rd period - Arttu Ruotsalainen wins face-off versus Anthony Louis in Bears zone.
4:21 of 3rd period - Shot by Anthony Louis.
4:21 of 3rd period - Deflect By Tanner Pearson.
4:21 of 3rd period - Shot Misses the Net.
4:23 of 3rd period - Shot by Anthony Louis.
4:23 of 3rd period - Shot Misses the Net.
4:25 of 3rd period - Shot by Dillon Simpson.
4:25 of 3rd period - Shot Misses the Net.
4:34 of 3rd period - Icing by Gustav Olofsson.
4:35 of 3rd period - Joseph Gambardella wins face-off versus Arttu Ruotsalainen in Bears zone.
4:41 of 3rd period - Gustav Olofsson is hit by Jalen Chatfield and loses puck.
5:10 of 3rd period - Shot by Taylor Raddysh.
5:10 of 3rd period - Deflect By Antti Suomela.
5:10 of 3rd period - Shot Misses the Net.
5:12 of 3rd period - Shot by Taylor Raddysh.
5:12 of 3rd period - Shot Misses the Net.
5:52 of 3rd period - Icing by Scott Walford.
5:53 of 3rd period - Lukas Jasek wins face-off versus Jay Beagle in Wild zone.
6:02 of 3rd period - Shot by Austin Watson.
6:02 of 3rd period - Shot Misses the Net.
7:06 of 3rd period - Shot by Anthony Louis.
7:06 of 3rd period - Shot Hit the Post.
8:02 of 3rd period - Shot by Justin Dowling.
8:02 of 3rd period - Stopped by Maxime Lagace without a rebound.
8:03 of 3rd period - Joseph Gambardella wins face-off versus Buddy Robinson in Wild zone.
8:28 of 3rd period - Shot by Antti Suomela.
8:28 of 3rd period - Stopped by Spencer Martin without a rebound.
8:29 of 3rd period - Lukas Jasek wins face-off versus Christoffer Ehn in Bears zone.
8:30 of 3rd period - Shot by Scott Walford.
8:30 of 3rd period - Shot Misses the Net.
8:33 of 3rd period - Icing by Chad Krys.
8:34 of 3rd period - Christoffer Ehn wins face-off versus Lukas Jasek in Bears zone.
9:13 of 3rd period - Shot by Michael Mersch.
9:13 of 3rd period - Shot Blocked by Kyle Burroughs.
10:06 of 3rd period - Shot by Justin Dowling.
10:06 of 3rd period - Shot Blocked by Tanner Pearson.
10:36 of 3rd period - Shot by Antti Suomela.
10:36 of 3rd period - Shot Misses the Net.
10:57 of 3rd period - Icing by Jalen Chatfield.
10:58 of 3rd period - Jay Beagle wins face-off versus Joseph Gambardella in Wild zone.
10:59 of 3rd period - Shot by Beck Malenstyn.
10:59 of 3rd period - Shot Misses the Net.
11:45 of 3rd period - Icing by Scott Walford.
11:46 of 3rd period - Lukas Jasek wins face-off versus Christoffer Ehn in Wild zone.
11:51 of 3rd period - Tyrell Goulbourne is hit by Michael Mersch and loses puck.
12:35 of 3rd period - Shot by Buddy Robinson.
12:35 of 3rd period - Shot Misses the Net.
13:05 of 3rd period - Beck Malenstyn is hit by Anders Bjork and loses puck.
13:51 of 3rd period - Icing by Jalen Chatfield.
13:52 of 3rd period - Joseph Gambardella wins face-off versus Arttu Ruotsalainen in Wild zone.
13:52 of 3rd period - Joseph Gambardella is hit by Buddy Robinson.
14:03 of 3rd period - Chad Krys is hit by Joseph Gambardella and loses puck.
14:26 of 3rd period - Kyle Burroughs is hit by Antti Suomela and loses puck.
15:00 of 3rd period - Shot by Anders Bjork.
15:00 of 3rd period - Shot Misses the Net.
15:02 of 3rd period - Shot by Dillon Simpson.
15:02 of 3rd period - Stopped by Spencer Martin without a rebound.
15:03 of 3rd period - Jay Beagle wins face-off versus Lukas Jasek in Bears zone.
15:12 of 3rd period - Shot by Michael Mersch.
15:12 of 3rd period - Shot Misses the Net.
15:14 of 3rd period - Shot by Kasper Bjorkqvist.
15:14 of 3rd period - Stopped by Spencer Martin with a rebound.
15:16 of 3rd period - Shot by Kasper Bjorkqvist.
15:16 of 3rd period - Shot Misses the Net.
16:08 of 3rd period - Dillon Simpson is hit by Tyrell Goulbourne and loses puck.
16:15 of 3rd period - Shot by Justin Dowling.
16:15 of 3rd period - Stopped by Maxime Lagace without a rebound.
16:16 of 3rd period - Justin Dowling wins face-off versus Danick Martel in Wild zone.
16:40 of 3rd period - Shot by Danick Martel.
16:40 of 3rd period - Shot Misses the Net.
16:45 of 3rd period - Danick Martel is hit by Jordie Benn and loses puck.
17:00 of 3rd period - Shot by Taylor Raddysh.
17:00 of 3rd period - Shot Misses the Net.
17:02 of 3rd period - Shot by Taylor Raddysh.
17:02 of 3rd period - Shot Blocked by Justin Dowling.
17:04 of 3rd period - Shot by Taylor Raddysh.
17:04 of 3rd period - Stopped by Spencer Martin without a rebound.
17:05 of 3rd period - Lukas Jasek wins face-off versus Arttu Ruotsalainen in Bears zone.
17:26 of 3rd period - Shot by Lean Bergmann.
17:26 of 3rd period - Deflect By Buddy Robinson.
17:26 of 3rd period - Stopped by Maxime Lagace with a rebound.
17:28 of 3rd period - Shot by Arttu Ruotsalainen.
17:28 of 3rd period - Goal by Arttu Ruotsalainen - Bears : 2 - Wild : 4.
17:29 of 3rd period - Jay Beagle wins face-off versus Joseph Gambardella in neutral zone.
18:52 of 3rd period - Justin Dowling is hit by Tanner Pearson and loses puck.
Goals for this period are 1 for Bears vs 1 for Wild.
Shots for this period are 6 for Bears vs 9 for Wild.